 Dungeon Crawl Stone Soup version 0.25-a0-413-g3b4b6a4ccc (webtiles) character file.

Game seed: 6259866544854877040, levelgen mode: deterministic

102 MisterFreud the Skirmisher (level 4, 0/39 HPs)
             Began as a Demonspawn Abyssal Knight on Jan 16, 2020.
             Was a Believer of Lugonu.
             Slain by Edmund
             ... wielding a +1 dire flail of crushing
              (9 damage)
             ... on level 4 of the Dungeon.
             The game lasted 00:05:15 (2676 turns).

MisterFreud the Skirmisher (DsAK)                   Turns: 2676, Time: 00:05:16

Health: 0/39       AC:  8    Str: 12    XL:     4   Next: 49%
Magic:  5/5        EV: 10    Int: 14    God:    Lugonu [**....]
Gold:   79         SH:  0    Dex: 13    Spells: 3/3 levels left

rFire    . . .     SeeInvis .   t - +0 long sword
rCold    + . .     Gourm    .   (no shield)
rNeg     . . .     Faith    .   l - +0 ring mail
rPois    .         Spirit   .   (helmet restricted)
rElec    .         Reflect  .   (no cloak)
rCorr    .         Harm     .   q - +0 pair of gloves
MR       .....                  n - +1 pair of boots
Stlth    +.........             (no amulet)
HPRegen  0.13/turn              (no ring)
MPRegen  0.09/turn              (no ring)

@: no status effects
A: antennae 1, cold resistance 1
a: Depart the Abyss, Bend Space, Renounce Religion


You were on level 4 of the Dungeon.
You worshipped Lugonu.
Lugonu was pleased with you.
You were hungry.

You visited 1 branch of the dungeon, and saw 4 of its levels.
You visited the Abyss 1 time.

You collected 79 gold pieces.

Inventory:

Hand Weapons
 a - a +1 mace
 j - a +2 hunting sling of freezing
 t - a +0 long sword (weapon)
Missiles
 e - 22 stones (quivered)
 m - 25 arrows
 p - 14 bolts
Armour
 b - a cursed +0 robe
 l - a +0 ring mail (worn)
 n - a +1 pair of boots (worn)
 q - a +0 pair of gloves (worn)
Scrolls
 o - a scroll of fog {unknown}
 s - a scroll of remove curse
Potions
 d - 4 potions of curing
 f - a potion of might
 g - a potion of brilliance {unknown}
 h - a potion of heal wounds {unknown}
 i - a potion of cancellation
 k - a potion of haste {unknown}
Comestibles
 c - 5 rations
 r - 2 chunks of flesh


   Skills:
 * Level 5.3 Fighting
 - Level 1.7 Maces & Flails
 - Level 1.7 Armour
 - Level 0.8 Dodging
 - Level 2.4 Invocations


You had 3 spell levels left.
You didn't know any spells.
Your spell library was empty.

Dungeon Overview and Level Annotations

Branches:
Dungeon (4/15)             Temple (0/1) D:4

Altars:
Trog
The Shining One

Annotations:
D:4 Edmund


Innate Abilities, Weirdness & Mutations

You have a pair of small antennae on your head.
Your flesh is cold resistant. (rC+)


Message History

Edmund closely misses you.
You closely miss Edmund.
Edmund is lightly wounded.
Edmund hits you with a +1 dire flail of crushing.
You hit Edmund.
Edmund is moderately wounded.
Edmund hits you but does no damage.
You hit Edmund but do no damage.
Edmund is moderately wounded.
Edmund hits you with a +1 dire flail of crushing.
* * * LOW HITPOINT WARNING * * *
x2 It was a potion of might.
You feel very mighty all of a sudden. Edmund barely misses you.
It was a potion of cancellation.
Your magical effects are unravelling.
You feel magically purged.
You feel a little less mighty now.
Edmund hits you with a +1 dire flail of crushing!
You die...

#.....###..# ....
............ ###
####..#......##########
......................
####.......##...........
..............##.#######
....##...........#
.....#....###...##
#...@.####.#.#
####.@....#.#..# ..
####....(###.#.##.# ...
......#(# ..##.##
...###.####(# ........#####
..........(.## .............
.............##.............
..............#........<....
....!.......................


You could see Edmund.

Vanquished Creatures
  3 adders
  An ooze (D:1)
  2 worms
  A leopard gecko (D:2)
  3 giant cockroaches
  10 goblins
  8 hobgoblins
  2 jackals (D:2)
  10 kobolds
  2 quokkas (D:2)
  3 ball pythons (D:2)
  7 bats
  4 frilled lizards
  5 rats
61 creatures vanquished.

Notes
Turn   | Place    | Note
-------+----------+-------------------------------------------
     0 | Abyss:1  | MisterFreud the Demonspawn Abyssal Knight began the quest
                  | for the Orb.
     0 | Abyss:1  | Reached XP level 1. HP: 18/18 MP: 2/2
    39 | Abyss:1  | Noticed a large abomination
    70 | D:1      | Escaped the Abyss
   116 | D:1      | Reached * piety under Lugonu
   368 | D:1      | Gained mutation: Your flesh is cold resistant. (rC+)
                  | [demonic ancestry]
   368 | D:1      | Reached XP level 2. HP: 24/24 MP: 3/3
   692 | D:1      | Reached skill level 4 in Fighting
  1058 | D:1      | Gained mutation: You have a pair of small antennae on your
                  | head. [demonic ancestry]
  1058 | D:1      | Reached XP level 3. HP: 26/30 MP: 4/4
  1383 | D:2      | Reached ** piety under Lugonu
  1694 | D:2      | Reached XP level 4. HP: 34/38 MP: 5/5
  1696 | D:2      | Reached skill level 5 in Fighting
  1700 | D:2      | Found a glowing golden altar of the Shining One.
  2206 | D:2      | Found a bloodstained altar of Trog.
  2364 | D:2      | Found a bloodstained altar of Trog.
  2431 | D:3      | Noticed a centaur
  2638 | D:4      | Found a staircase to the Ecumenical Temple.
  2649 | D:4      | Noticed Edmund
  2676 | D:4      | Slain by Edmund

Levels and vault maps discovered:
D:1:      dpeg_arrival_round_c, layout_loops_corners,
          minmay_misc_feat_nine_boxes
D:2:      layout_loops_ring, tso_altar, lightli_temple_of_fire, trog_book
D:3:      layout_basic, uniq_terence
D:4:      layout_rooms, minmay_temple_entry_statues_fountains, first_ration,
          uniq_edmund

Skill      XL: |  1  2  3  4 |
---------------+-------------+-----
Fighting       | 4 5 |  5.3
Maces & Flails | |  1.7
Armour         | |  1.7
Dodging        | |  0.8
Invocations    | |  2.4

Action                   |  1- 3 |  4- 6 || total
-------------------------+-------+-------++-------
Melee: Mace              |   142 |    58 ||   200
       Long sword        |       |     8 ||     8
 Fire: Hunting sling     |       |     4 ||     4
Invok: Depart the Abyss  |     1 |       ||     1
  Use: Scroll            |     4 |     2 ||     6
       Potion            |       |     2 ||     2
  Eat: Chunk             |     3 |     2 ||     5
Armor: Leather armour    |    18 |       ||    18
       Ring mail         |    41 |    46 ||    87
Dodge: Dodged            |   105 |    47 ||   152

Table legend:
 A = Non-vault XP
 B = Vault XP
 C = Vault XP percentage of total XP
 D = Non-vault monster count
 E = Vault monster count
 F = Vault count percentage of total count
                 A         B        C        D         E       F
            +---------+---------+-------+---------+---------+-------
      Total |     146 |       0 |   0.0 |      61 |       0 |   0.0
            +---------+---------+-------+---------+---------+-------
        D:1 |      46 |       0 |   0.0 |      24 |       0 |   0.0
        D:2 |      76 |       0 |   0.0 |      31 |       0 |   0.0
        D:3 |       7 |       0 |   0.0 |       3 |       0 |   0.0
        D:4 |      17 |       0 |   0.0 |       3 |       0 |   0.0
            +---------+---------+-------+---------+---------+-------
